 Dungeon Crawl Stone Soup version 0.30.1-11-g7821555f0a (webtiles) character file.

Game seed: 9986791513076786262

49 KittyFluff the Cudgeller (level 3, 0/23 HPs)
             Began as a Gargoyle Berserker on Nov 8, 2023.
             Was a Believer of Trog.
             Slain by Sigmund
             ... wielding a +0 scythe
              (9 damage)
             ... on level 2 of the Dungeon.
             The game lasted 00:05:37 (1437 turns).

KittyFluff the Cudgeller (Gargoyle Berserker)       Turns: 1437, Time: 00:05:38

Health: 0/23       AC:  6    Str: 22    XL:     3   Next: 77%
Magic:  3/3        EV: 10    Int:  7    God:    Trog [**....]
Gold:   72         SH:  6    Dex:  9    Spells: 2/2 levels left

rFire   . . .        a - +0 mace
rCold   . . .        l - +0 kite shield
rNeg    + . .        f - +0 leather armour
rPois   ∞            (no helmet)
rElec   +            (no cloak)
rCorr   .            (no gloves)
SInv    .            (no boots)
Will    .....        (no amulet)
Stlth   +            (no ring)
HPRegen 0.23/turn    (no ring)
MPRegen 0.08/turn

%: no passive effects
@: no status effects
A: sickness immunity, AC +3, negative energy resistance 1, electricity
resistance, torment resistance 1, petrification resistance
a: Renounce Religion, Berserk, Trog's Hand


You were on level 2 of the Dungeon.
You worshipped Trog.
Trog was pleased with you.
You visited 1 branch of the dungeon, and saw 2 of its levels.

You collected 72 gold pieces.

Inventory:

Hand Weapons
 a - a +0 mace (weapon)
Missiles
 g - a poisoned dart (quivered)
Armour
 f - a +0 leather armour (worn)
 l - a +0 kite shield (worn)
Scrolls
 c - a scroll of enchant armour {unknown}
 d - a scroll of fear {unknown}
 e - 2 scrolls of amnesia {unknown}
 i - 2 scrolls of blinking {unknown}
 j - 2 scrolls of identify {unknown}
 k - a scroll of fog {unknown}
Potions
 b - a potion of berserk rage {unknown}
 h - a potion of lignification {unknown}


   Skills:
 + Level 3.5 Fighting
 * Level 3.6 Maces & Flails
 * Level 3.1 Armour
 + Level 1.9 Dodging
 + Level 0.8 Stealth
 + Level 0.0 Shields


You had 2 spell levels left.
You didn't know any spells.
Your spell library was empty.

Dungeon Overview and Level Annotations

Branches:
Dungeon (2/15)

Altars:

Annotations:
D:2 Sigmund


Innate Abilities, Weirdness & Mutations

You are immune to sickness and miasma.
Your stone body is resilient. (AC +3)
You are immune to poison.
You resist negative energy. (rN+)
You are resistant to electric shocks. (rElec)
You are resistant to unholy torment.
You are immune to petrification.


Message History

Found 3 gold pieces.
Found an escape hatch in the ceiling.
You now have 72 gold pieces (gained 3).
e - 2 scrolls labelled TUPNEA GOXKUS (gained 1)
Found a kite shield.
You see here a +0 kite shield.
l - a +0 kite shield You start putting on your armour.
You continue putting on your +0 kite shield. x4
You finish putting on your +0 kite shield.
Sigmund the Dreaded comes into view.
He is wielding a +0 scythe.
Sigmund shouts!
You hear a shout!
Throw: 3 darts (poison)
Press: ? - help, Q - select action, (/) - cycle Shift-Dir - straight line, f - Sigmund
Aim: Sigmund, wielding a +0 scythe and wearing a +0 robe (50% to hit)
You throw a poisoned dart. The poisoned dart hits Sigmund.
Sigmund is poisoned.
Throw: 2 darts (poison)
Press: ? - help, Q - select action, (/) - cycle Shift-Dir - straight line, f/p - Sigmund
Aim: Sigmund, wielding a +0 scythe and wearing a +0 robe (lightly wounded, poisoned, 50% to hit)
You throw a poisoned dart. The poisoned dart hits Sigmund.
Sigmund looks even sicker.
Sigmund is lightly wounded.
Sigmund hits you from afar with a +0 scythe.
You hit Sigmund.
Sigmund is moderately wounded.
Sigmund casts a spell at you.
The puff of flame hits you but does no damage.
You hit Sigmund.
Sigmund is heavily wounded.
Sigmund barely misses you.
You hit Sigmund but do no damage.
Sigmund is heavily wounded.
Sigmund screams, "Die, monster!"
Sigmund points at you and mumbles some strange words.
The puff of flame hits you!
Sigmund casts a spell.
Sigmund flickers and vanishes!
Deactivating autopickup; reactivate with Ctrl-A.
You miss something. Something hits you!
You die...

.....# #.# #.....# #.# #.
.....#######.####.###.# #.# #.
..................# #<# #.# #.
.....###########..# ### #.# #.
.....############.#######.######.
.....[...........................
.##.#############.........#######
...... ########.#..######....#
......# ....(({@.#.....# #....##
......# .........#.###.###......
.##.... .........#.# #..##......
. ##..S. ........##.# ##.##......
................# #..#......
..########## ##.#....## .
#.####### #.## ## #..# ##.


There were no monsters in sight!

Vanquished Creatures
  A gnoll (D:1)
  An adder (D:2)
  An orc (D:2)
  3 endoplasms
  A giant cockroach (D:1)
  5 goblins
  A hobgoblin (D:2)
  2 jackals (D:1)
  2 quokkas (D:1)
  3 ball pythons (D:1)
  3 frilled lizards
  2 kobolds (D:1)
  3 rats (D:1)
28 creatures vanquished.

Notes
Turn   | Place    | Note
-------+----------+-------------------------------------------
     0 | D:1      | KittyFluff the Gargoyle Berserker began the quest for the
                  | Orb.
     0 | D:1      | Reached XP level 1. HP: 14/14 MP: 1/1
    27 | D:1      | Reached XP level 2. HP: 11/19 MP: 2/2
   239 | D:1      | You fall into a shaft and drop 1 floor!
   481 | D:1      | Found a faded altar of an unknown god.
   549 | D:1      | Reached XP level 3. HP: 23/23 MP: 3/3
  1060 | D:1      | Reached ** piety under Trog
  1429 | D:2      | Noticed Sigmund
  1437 | D:2      | Slain by Sigmund

Illustrated notes

Levels and vault maps discovered:
D:1:      minmay_arrival_five_plusses, layout_basic,
          hellmonk_ecumenical_altar_pennies_from_heaven, minivault_27
D:2:      layout_basic, serial_bayou_pond_c, uniq_sigmund

Skill      XL: |  1  2  3 |
---------------+----------+-----
Armour         | 3 |  3.1
Fighting       | |  3.5
Maces & Flails | |  3.6
Dodging        | |  1.9
Stealth        | |  0.8

Action                     || total
---------------------------++-------
  Melee: Mace              ||    82
  Throw: Dart              ||     2
 Armour: Animal skin       ||    11
         Leather armour    ||    20
  Dodge: Dodged            ||    40
